 Dungeon Crawl Stone Soup version 0.22.0-27-ga576289 (webtiles) character file.

91 Faca the Poker (level 4, 0/37 HPs)
             Began as a Merfolk Gladiator on Aug 21, 2018.
             Slain by a gnoll
             ... wielding a cursed -3 halberd
              (3 damage)
             ... on level 3 of the Dungeon.
             The game lasted 00:03:35 (2062 turns).

Faca the Poker (Merfolk Gladiator)                  Turns: 2062, Time: 00:03:36

Health: 0/37       AC:  6    Str: 14    XL:     4   Next: 57%
Magic:  4/4        EV: 13    Int:  7    God:
Gold:   140        SH:  0    Dex: 18    Spells: 3/3 levels left

rFire    + . .     SeeInvis .   a - +0 trident
rCold    . . .     Gourm    .   (no shield)
rNeg     . . .     Faith    .   k - +0 ring mail
rPois    .         Spirit   .   c - +0 helmet
rElec    .         Reflect  .   (no cloak)
rCorr    .         Harm     .   (no gloves)
MR       .....                  (no boots)
Stlth    +.........             (no amulet)
HPRegen  0.12/turn              g - +2 ring of dexterity
MPRegen  0.09/turn              b - ring of protection from fire

@: lethally poisoned (0 -> -4), drained
A: change form in water, swift swim, stealthy swim
a: no special abilities


You were on level 3 of the Dungeon.
You were not hungry.

You visited 1 branch of the dungeon, and saw 3 of its levels.

You collected 140 gold pieces.

Inventory:

Hand Weapons
 a - a +0 trident (weapon)
Missiles
 d - 3 throwing nets (quivered)
Armour
 c - a +0 helmet (worn)
 j - a +0 shield
 k - a +0 ring mail (worn)
Jewellery
 b - a ring of protection from fire (right hand)
 g - a +2 ring of dexterity (left hand)
Scrolls
 e - 4 scrolls of teleportation {unknown}
 h - a scroll of enchant armour {unknown}
 i - 3 scrolls of identify {unknown}
 l - a scroll of remove curse {unknown}
 m - 2 scrolls of magic mapping {unknown}
 p - a scroll of immolation {unknown}
Potions
 n - a potion of agility {unknown}
Comestibles
 f - 6 rations
 o - a chunk of flesh


   Skills:
 + Level 3.9(3.6) Fighting
 + Level 6.1(5.8) Polearms
 - Level 2.0(1.7) Throwing
 - Level 4.0(3.7) Dodging


You had 3 spell levels left.
You didn't know any spells.
Your spell library was empty.

Dungeon Overview and Level Annotations

Branches:
Dungeon (3/15)

Altars:
Xom


Message History

Aim: a kobold, wielding a blowgun Something you can't see is in the way.
You barely miss something.
The kobold shoots a poisoned needle.
The poisoned needle misses you. Something hits you.
You barely miss something.
The kobold shoots a poisoned needle.
The poisoned needle misses you. Something hits you!
You closely miss something.
The kobold shoots a poisoned needle.
The poisoned needle hits you!
You are poisoned.
Something hits you but does no damage.
You miss something.
You feel sick.
You hit something but do no damage.
You feel sick. Something hits you!
* * * LOW HITPOINT WARNING * * *
The kobold shoots a poisoned needle.
You barely miss something. Something hits you!
* * * LOW HITPOINT WARNING * * *
The kobold shoots a poisoned needle.
The poisoned needle barely misses you.
You closely miss something.
The kobold shoots a poisoned needle.
Something hits you.
You die...

#.#.###.g.###.#<##
#.#.###.### ##g.#
#..g.†..# ##.#
###.##### #+# #.#
###.#### .......#
. #....####....
#(...@{K'....
##....####....
#..#..# . #.###.#
# #.# #.#
#.##.###.#
#........#
####.##### # #.#
##### ##.##


You could see a kobold.

Vanquished Creatures
  2 gnolls (D:3)
  2 adders
  A worm (D:2)
  A dart slug (D:1)
  2 leopard geckos
  A ball python (D:2)
  5 bats
  A giant cockroach (D:2)
  5 goblins
  7 hobgoblins
  2 quokkas (D:2)
  4 frilled lizards
  5 kobolds
  4 rats (D:1)
42 creatures vanquished.

Vanquished Creatures (others)
  An adder (D:2)
1 creature vanquished.

Grand Total: 43 creatures vanquished

Notes
Turn   | Place    | Note
-------+----------+-------------------------------------------
     0 | D:1      | Faca the Merfolk Gladiator began the quest for the Orb.
     0 | D:1      | Reached XP level 1. HP: 16/16 MP: 1/1
   135 | D:1      | Found a shimmering altar of Xom.
   453 | D:1      | Reached XP level 2. HP: 23/23 MP: 2/2
   685 | D:1      | Reached skill level 5 in Polearms
   970 | D:2      | Reached XP level 3. HP: 29/29 MP: 3/3
  1727 | D:3      | Reached XP level 4. HP: 35/35 MP: 4/4
  1930 | D:3      | Reached skill level 6 in Polearms
  2062 | D:3      | Slain by a gnoll

Skill      XL: |  1  2  3  4 |
---------------+-------------+-----
Polearms       | 5 6 |  6.1
Fighting       | 3 |  3.9
Throwing       | |  2.0
Dodging        | |  4.0

Action                   |  1- 3 |  4- 6 || total
-------------------------+-------+-------++-------
Melee: Trident           |   109 |    50 ||   159
  Use: Potion            |     1 |       ||     1
 Stab: Sleeping          |     2 |       ||     2
       Distracted        |       |     1 ||     1
  Eat: Chunk             |     2 |       ||     2
       Ration            |     1 |       ||     1
Armor: Ring mail         |    34 |    17 ||    51
Dodge: Dodged            |    48 |    22 ||    70
